 Dungeon Crawl Stone Soup version 0.31-a0-435-g2c6fae2 (webtiles) character file.

Game seed: 16484215087573408206

1381 Dorkslayer the Grappler (level 8, -1/60 (61) HPs)
             Began as a Demigod Shapeshifter on July 31, 2023.
             Slain by a wight
             ... wielding a +4 spear
              (10 damage)
             ... on level 6 of the Dungeon.
             The game lasted 00:10:12 (3672 turns).

Dorkslayer the Grappler (Demigod Shapeshifter)      Turns: 3672, Time: 00:10:13

HP:   -1/60 (61)    AC:  6    Str: 20    XL:     8   Next: 17%
MP:   10/10         EV: 11    Int: 10    God:
Gold: 377           SH:  0    Dex: 18    Spells: 7/7 levels left

rFire   . . .        i - +2 hand axe (flame)
rCold   . . .        (no shield)
rNeg    + + .        l - +0 scale mail of the Powerful God {rPois rN+ Stlth+}
rPois   +            (helmet currently unavailable)
rElec   .            (cloak currently unavailable)
rCorr   +            (gloves currently unavailable)
SInv    .            (boots currently unavailable)
Will    .....        (no amulet)
Stlth   ++           e - ring of positive energy
HPRegen 0.30/turn    o - ring of resist corrosion
MPRegen 0.12/turn

%: no passive effects
@: beast-form, lightly drained
A: beast (slay +2), high MP 1, forlorn, divine attributes
a: Begin Untransformation


You were on level 6 of the Dungeon.
You were a hulking beast.
You visited 1 branch of the dungeon, and saw 6 of its levels.

You collected 377 gold pieces.

Inventory:

Hand Weapons
 i - a +2 hand axe of flaming (weapon)
 v - a +4 flail
Armour
 l - the +0 scale mail of the Powerful God (worn) {rPois rN+ Stlth+}
   (You found it on level 3 of the Dungeon)

   rPois:     It protects you from poison.
   rN:        It protects you from negative energy.
   Stlth:     It makes you more stealthy.
 r - the +1 leather armour of Ashenzari's Envy {rF++ Int+3 Stlth-}
   (You took it off an orc on level 5 of the Dungeon)

   Int:       It affects your intelligence (+3).
   rF:        It greatly protects you from fire.
   Stlth:     It makes you less stealthy.
Jewellery
 e - a ring of positive energy (left hand)
 k - a ring of poison resistance
 o - a ring of resist corrosion (right hand)
Talismans
 c - a beast talisman (active)
Wands
 t - a wand of flame (7)
Scrolls
 f - a scroll of immolation {unknown}
 g - 3 scrolls of enchant weapon
 h - a scroll of acquirement {unknown}
 j - 2 scrolls of fear
 n - a scroll of revelation {unknown}
 p - a scroll of enchant armour {unknown}
 s - a scroll of blinking {unknown}
Potions
 a - 2 potions of curing
 b - 3 potions of lignification
 d - a potion of cancellation {unknown}
 m - a potion of degeneration {unknown}
 q - 2 potions of enlightenment {unknown}
 u - a potion of resistance {unknown}


   Skills:
 + Level 1.9 Fighting
 + Level 0.5 Axes
 + Level 2.8 Armour
 + Level 3.1 Dodging
 + Level 1.2 Stealth
 + Level 8.3 Unarmed Combat
 * Level 1.3 Evocations
 + Level 2.8 Shapeshifting


You had 7 spell levels left.
You didn't know any spells.
Your spell library contained the following spells:

 Spells                   Type           Power      Damage    Failure   Level
 Blink                    Tloc           0%         N/A       85%         2
 Lesser Beckoning         Tloc           0%         N/A       85%         2
 Momentum Strike          Conj/Tloc      0%         3d8       85%         2


Dungeon Overview and Level Annotations

Branches:
Dungeon (6/15)             Temple (0/1) D:4


Innate Abilities, Weirdness & Mutations

You are a hulking beast.
Your limbs bulge with bestial killing power. (Slay +2)
You have an increased reservoir of magic. (+10% MP)
You shall have no god before yourself.
Your divine heritage dramatically boosts your attributes as you level up.


Message History

You kill the scorpion!
You feel sick.
You feel sick.
You now have 369 gold pieces (gained 9).
You feel sick.
You feel sick.
You feel sick.
You feel sick.
You are no longer poisoned.
You now have 377 gold pieces (gained 8).
There is an open door here.
A wight comes into view. It is wielding a +3 flail.
A wight comes into view. It is wielding a +4 spear.
You closely miss the wight. The wight hits you with a +3 flail!
You partially resist.
You feel drained. The wight hits you with a +3 flail.
You hit the wight. You burn the wight. You punch the wight!
The wight is almost destroyed.
The wight closely misses you.
You closely miss the wight.
The wight is severely damaged.
The wight closely misses you.
You barely miss the wight.
The wight is severely damaged.
The wight hits you with a +3 flail.
* * * LOW HITPOINT WARNING * * *
You partially resist.
You feel drained.
The wight hits you from afar with a +4 spear!
* * * LOW HITPOINT WARNING * * *
You partially resist.
You feel drained. The wight closely misses you.
You hit the wight. You burn the wight.
You destroy the wight!
The wight barely misses you.
Aiming: Throw Flame
Press: ? - help, Shift-Dir - straight line, f - wight
Aim: a wight, wielding a +4 spear and wearing a +0 robe (68% to hit)
The puff of flame hits the wight.
The wight is moderately damaged.
The wight hits you from afar with a +4 spear!
You die...

####.#.....#.###.#.#
.....#.._..#.#...#
.. ###.#.....#...###
.# ..#.#.....#.....#
# .....###'###..##.#
...#.....[....# ...
.# ###.....#### #.#
..#.###.)...# .#
.....z.h....# #
###.###.....#
#.....# #####.# #.#
.# .. ##


You could see a wight.

Vanquished Creatures
  Pikel (D:4)
  A centaur (D:3)
  2 lemures (D:4)
  3 scorpions
  3 wights (D:6)
  2 electric eels (D:5)
  3 hounds
  A jelly (D:5)
  2 iguanas (D:5)
  5 orc wizards
  4 adders
  2 ufetubi
  2 worms (D:2)
  4 dart slugs
  12 orcs
  7 endoplasms
  4 giant cockroaches
  11 goblins
  7 hobgoblins
  4 jackals (D:2)
  3 quokkas
  4 ball pythons
  A bat (D:2)
  5 frilled lizards
  8 kobolds
  3 rats
104 creatures vanquished.

Notes
Turn   | Place    | Note
-------+----------+-------------------------------------------
     0 | D:1      | Dorkslayer the Demigod Shapeshifter began the quest for the
                  | Orb.
     0 | D:1      | Reached XP level 1. HP: 15/15 MP: 3/3
   128 | D:1      | Reached skill level 3 in Unarmed Combat
   255 | D:1      | Reached XP level 2. HP: 22/22 MP: 4/4
   792 | D:2      | Reached XP level 3. HP: 17/27 MP: 5/5
   909 | D:2      | Reached skill level 4 in Unarmed Combat
  1411 | D:3      | Noticed a centaur
  1423 | D:3      | Killed a centaur
  1424 | D:3      | Reached skill level 1 in Fighting
  1424 | D:3      | Reached skill level 1 in Stealth
  1424 | D:3      | Reached XP level 4. HP: 14/35 MP: 6/6
  1538 | D:3      | Reached skill level 5 in Unarmed Combat
  1541 | D:3      | Identified the +0 scale mail of the Powerful God {rPois rN+
                  | Stlth+}
  1657 | D:3      | Reached XP level 5. HP: 40/40 MP: 7/7
  2177 | D:4      | Noticed Pikel
  2275 | D:4      | Killed Pikel
  2276 | D:4      | Reached skill level 1 in Armour
  2276 | D:4      | Reached skill level 7 in Unarmed Combat
  2276 | D:4      | Reached XP level 6. HP: 13/47 MP: 8/8
  2276 | D:4      | Reached XP level 7. HP: 14/52 MP: 9/9
  2660 | D:4      | Found a staircase to the Ecumenical Temple.
  2745 | D:5      | Entered Level 5 of the Dungeon
  2857 | D:5      | Identified the +1 leather armour of Ashenzari's Envy {rF++
                  | Int+3 Stlth-}
  3075 | D:5      | Found a transporter.
  3190 | D:5      | Found a transporter.
  3218 | D:5      | Reached skill level 8 in Unarmed Combat
  3631 | D:6      | Reached skill level 1 in Evocations
  3631 | D:6      | Reached XP level 8. HP: 60/60 MP: 10/10
  3672 | D:6      | Slain by a wight

Illustrated notes

Levels and vault maps discovered:
D:1:      dpeg_arrival_lava_temple_mockup, layout_rooms,
          hellmonk_ecumenical_altar_crossroads
D:2:      layout_loops_ring, basic_altar
D:3:      layout_basic, grunt_temple_overflow_open
D:4:      layout_rooms, cheibrodos_ashenzari_chains,
          minmay_temple_entry_statues_fountains, uniq_pikel
D:5:      gammafunk_steamed_eel, layout_basic,
          mainiacjoe_overflow_surrounded_room
D:6:      layout_loops_cross, mainiacjoe_overflow_alcove_4,
          amcnicky_altar_gilded, serial_glass, glass_columns_a, glass_columns_a,
          ebering_ghost_sewer_f, hangedman_decor_slide_cut, uniq_edmund

Skill      XL: |  1  2  3  4  5  6  7 |
---------------+----------------------+-----
Unarmed Combat | 3 4 5 7 8 |  8.3
Fighting       | 1 |  1.9
Dodging        | 2 3 |  3.1
Stealth        | 1 |  1.2
Armour         | 1 2 |  2.8
Evocations     | 1 |  1.3
Axes           | |  0.5
Shapeshifting  | |  2.8

Action                     |  1- 3 |  4- 6 |  7- 9 || total
---------------------------+-------+-------+-------++-------
  Melee: Unarmed           |   124 |   110 |    99 ||   333
         Punch             |     4 |     4 |     5 ||    13
         Hand axe          |       |       |    18 ||    18
  Evoke: Wand              |       |       |     7 ||     7
    Use: Scroll            |       |     2 |     3 ||     5
         Potion            |       |     2 |     2 ||     4
   Stab: Sleeping          |     3 |       |       ||     3
 Armour: Animal skin       |    17 |     4 |       ||    21
         Scale mail        |       |    23 |    23 ||    46
  Dodge: Dodged            |    77 |    52 |    59 ||   188

Table legend: (Time is in decaauts)
 A = Elapsed time spent in this place.
 B = Non-inter-level travel time spent in this place.
 C = Inter-level travel time spent in this place.
 D = Time resting spent in this place.
 E = Time spent auto-exploring this place.
 F = Levels seen in this place.
 G = Mean time per level.
                   A        B        C        D        E       F      G
               +--------+--------+--------+--------+--------+-----+--------+
         Total |   3603 |   3587 |     16 |    150 |   1933 |   6 |  600.5 |
       Dungeon |   3603 |   3587 |     16 |    150 |   1933 |   6 |  600.5 |
               +--------+--------+--------+--------+--------+-----+--------+

Top non-repeatable levels by time:
     D:5: 858 daAuts
     D:2: 789 daAuts
     D:3: 666 daAuts
     D:4: 646 daAuts
     D:1: 581 daAuts
     D:6: 60 daAuts
